 Dungeon Crawl Stone Soup version 0.29.1-15-g9cfb28693d (webtiles) character file.

Game seed: 12589347410917916901

322 ChiefBigBeans the Digger (level 6, -2/37 HPs)
             Began as a Gargoyle Earth Elementalist on Feb 24, 2023.
             Slain by a gnoll
             ... wielding a +0 mace
              (3 damage)
             ... on level 3 of the Dungeon.
             The game lasted 00:08:53 (3050 turns).

ChiefBigBeans the Digger (GrEE)                     Turns: 3050, Time: 00:08:53

Health: -2/37      AC: 11    Str: 13    XL:     6   Next: 47%
Magic:  9/11       EV: 10    Int: 16    God:
Gold:   159        SH:  0    Dex: 10    Spells: 10/11 levels left

rFire   . . .      SeeInvis .   g - +0 dagger (venom)
rCold   . . .      Faith    .   (no shield)
rNeg    + . .      Spirit   .   i - +1 ring mail
rPois   ∞          Reflect  .   (no helmet)
rElec   +          Harm     .   (no cloak)
rCorr   .          Rampage  .   (no gloves)
Will    .....                   (no boots)
Stlth   +.........              (no amulet)
HPRegen 0.12/turn               (no ring)
MPRegen 0.12/turn               (no ring)

@: no status effects
A: sickness immunity, AC +4, negative energy resistance 1, electricity
resistance, torment resistance 1, petrification resistance
a: no special abilities


You were on level 3 of the Dungeon.
You visited 1 branch of the dungeon, and saw 3 of its levels.

You collected 159 gold pieces.

Inventory:

Hand Weapons
 e - a +0 short sword
 g - a +0 dagger of venom (weapon)
Armour
 a - a +0 robe
 i - a +1 ring mail (worn)
Jewellery
 f - an amulet of guardian spirit
Scrolls
 b - a scroll of identify
 h - a scroll of blinking {unknown}
 k - a scroll of magic mapping {unknown}
Potions
 c - a potion of heal wounds
 d - a potion of lignification {unknown}
 j - a potion of mutation {unknown}
 l - a potion of degeneration {unknown}


   Skills:
 + Level 3.1 Fighting
 + Level 3.2 Armour
 - Level 1.5 Dodging
 - Level 2.1 Stealth
 + Level 3.4 Spellcasting
 - Level 0.7 Transmutations
 + Level 5.2 Earth Magic


You had 10 spell levels left.
You knew the following spells:

 Your Spells              Type           Power      Damage    Failure   Level
a - Sandblast             Erth           38%        2d10      4%          1

Your spell library contained the following spells:

 Spells                   Type           Power      Damage    Failure   Level
 Passwall                 Tmut/Erth      10%        N/A       16%         2
 Stone Arrow              Conj/Erth      22%        3d8       36%         3
 Petrify                  Tmut/Erth      12%        N/A       71%         4
 Olgreb's Toxic Radiance  Pois           2%         N/A       98%         4
 Ozocubu's Refrigeration  Ice            1%         4d7       100%        7
 Ignition                 Fire           1%         3d3       100%        8


Dungeon Overview and Level Annotations

Branches:
Dungeon (3/15)

Altars:


Innate Abilities, Weirdness & Mutations

You are immune to sickness and miasma.
Your stone body is resilient. (AC +4)
You are immune to poison.
You resist negative energy. (rN+)
You are resistant to electric shocks. (rElec)
You are resistant to unholy torment.
You are immune to petrification.


Message History

The adder barely misses you.
You miss the adder. The gnoll hits you with a +0 mace.
* * * LOW HITPOINT WARNING * * *
The adder bites you but does no damage.
You barely miss the adder.
The adder is lightly wounded.
The gnoll barely misses you. The adder bites you but does no damage.
You miss the adder.
The adder is lightly wounded.
The adder misses you. The gnoll hits you but does no damage.
The adder bites you but does no damage.
You closely miss the adder.
The adder is lightly wounded.
The gnoll closely misses you. The adder misses you.
You miss the adder.
The adder is moderately wounded.
The gnoll hits you with a +0 mace!
* * * LOW HITPOINT WARNING * * *
The adder bites you.
* * * LOW HITPOINT WARNING * * *
You closely miss the adder.
The adder is heavily wounded.
The adder completely misses you. The gnoll misses you.
The adder barely misses you.
You barely miss the adder.
The adder is heavily wounded.
The gnoll hits you but does no damage. The adder bites you but does no damage.
You closely miss the adder.
The adder is heavily wounded.
The gnoll hits you with a +0 mace.
* * * LOW HITPOINT WARNING * * *
The adder bites you but does no damage.
You barely miss the adder.
The adder is severely wounded.
The adder barely misses you. The gnoll hits you but does no damage.
You closely miss the adder.
The adder is almost dead.
You kill the adder!
The gnoll hits you with a +0 mace.
You die...

+####.....# #.#.#
#.....# ....#
#.....# #...#
#.....# #...#
#.....# #...
#.##### #.#.. #.#
#.#.# #.# #.#)#
#.# #.#@# .# #.#
#.#g# .# #.# #.#g#
.# #.# #.gg# .#
#.########.oo# .#
#............#
.###############)#
..........oo.g)..#
.........o.o....##


You could see 4 gnolls and 2 orcs.

Vanquished Creatures
  3 howler monkeys (D:3)
  A hound (D:3)
  A gnoll bouda (D:3)
  4 gnolls (D:3)
  5 adders
  2 worms (D:2)
  2 dart slugs
  4 orcs (D:3)
  5 endoplasms
  2 giant cockroaches (D:2)
  4 goblins
  3 hobgoblins
  14 jackals
  4 kobolds
  3 quokkas
  6 ball pythons
  4 bats
  A frilled lizard (D:1)
  A rat (D:1)
69 creatures vanquished.

Vanquished Creatures (others)
  A plant (D:3)
1 creature vanquished.

Grand Total: 70 creatures vanquished

Notes
Turn   | Place    | Note
-------+----------+-------------------------------------------
     0 | D:1      | ChiefBigBeans the Gargoyle Earth Elementalist began the
                  | quest for the Orb.
     0 | D:1      | Reached XP level 1. HP: 10/10 MP: 3/3
   412 | D:1      | Reached XP level 2. HP: 16/16 MP: 1/5
   788 | D:1      | Reached skill level 1 in Fighting
  1014 | D:1      | Reached skill level 1 in Armour
  1552 | D:2      | Reached skill level 4 in Earth Magic
  1574 | D:2      | Reached XP level 3. HP: 20/20 MP: 2/6
  2159 | D:2      | Reached XP level 4. HP: 26/26 MP: 5/7
  2564 | D:3      | Reached XP level 5. HP: 24/30 MP: 1/9
  2615 | D:3      | Reached skill level 5 in Earth Magic
  2615 | D:3      | Reached XP level 6. HP: 36/36 MP: 10/10
  3048 | D:3      | HP: 1/37 [gnoll/+0 mace (1)]
  3050 | D:3      | Slain by a gnoll

Illustrated notes

Levels and vault maps discovered:
D:1:      minmay_arrival_three_doors, layout_basic, minmay_misc_feat_nine_boxes
D:2:      layout_basic
D:3:      lemuel_castle_with_subvaults [lemuel_castle_interior_original],
          layout_basic, amcnicky_altar_gilded, uniq_grinder

Skill      XL: |  1  2  3  4  5  6 |
---------------+-------------------+-----
Fighting       | 1 2 3 |  3.1
Armour         | 1 2 3 |  3.2
Earth Magic    | 4 5 |  5.2
Spellcasting   | 3 |  3.4
Dodging        | |  1.5
Stealth        | |  2.1
Transmutations | |  0.7

Action                   |  1- 3 |  4- 6 || total
-------------------------+-------+-------++-------
Melee: Unarmed           |    14 |       ||    14
       Short sword       |     7 |       ||     7
       Dagger            |       |    83 ||    83
       Punch             |       |     1 ||     1
 Cast: Sandblast         |    52 |    40 ||    92
  Use: Potion            |     2 |     3 ||     5
       Scroll            |     2 |       ||     2
Armor: Robe              |     7 |       ||     7
       Ring mail         |    16 |   101 ||   117
Dodge: Dodged            |    22 |   110 ||   132
